 Dungeon Crawl Stone Soup version 0.30-a0-241-g1121274140 (webtiles) character file.

Game seed: 2358369463745832310

103 gzilladon the Shield-Bearer (level 4, 0/34 HPs)
             Began as a Gnoll Wanderer on Oct 10, 2022.
             Constricted to death by Jessica (2 damage)
             ... on level 3 of the Dungeon.
             The game lasted 00:06:33 (1769 turns).

gzilladon the Shield-Bearer (Gnoll Wanderer)        Turns: 1769, Time: 00:06:33

Health: 0/34       AC:  9    Str: 13    XL:     4   Next: 79%
Magic:  8/8        EV:  6    Int: 10    God:
Gold:   132        SH:  5    Dex: 13    Spells: 8/9 levels left

rFire   . . .      SeeInvis .    k - +0 long sword
rCold   . . .      Faith    .    b - +0 buckler
rNeg    . . .      Spirit   .    d - +2 scale mail
rPois   .          Reflect  .    (no helmet)
rElec   .          Harm     .    (no cloak)
rCorr   .          Rampage  .    (no gloves)
Will    .....                    (no boots)
Stlth   ..........               (no amulet)
HPRegen 0.25/turn                (no ring)
MPRegen 0.11/turn                (no ring)

@: grasped by roots, slowed, constricted, very slow
A: fangs 1, strong nose, distributed training
a: no special abilities


You were on level 3 of the Dungeon.
You visited 1 branch of the dungeon, and saw 3 of its levels.

You collected 132 gold pieces.

Inventory:

Hand Weapons
 a - a +0 club
 j - a +0 quarterstaff
 k - a +0 long sword (weapon)
Missiles
 g - 26 stones
Armour
 b - a +0 buckler (worn)
 d - a +2 scale mail (worn)
Scrolls
 f - a scroll of teleportation {unknown}
 h - 2 scrolls of enchant armour {unknown}
 i - 4 scrolls of identify {unknown}
 m - a scroll of immolation {unknown}
 n - a scroll of fear {unknown}
 p - a scroll of blinking {unknown}
 q - a scroll of silence {unknown}
Potions
 c - 2 potions of attraction
 e - 4 potions of curing {unknown}
 l - a potion of resistance {unknown}
 o - 2 potions of mutation {unknown}


   Skills:
 + Level 2.8 Fighting
 + Level 1.3 Short Blades
 + Level 1.3 Long Blades
 + Level 1.3 Axes
 + Level 1.3 Maces & Flails
 + Level 1.3 Polearms
 + Level 1.3 Staves
 + Level 1.3 Ranged Weapons
 + Level 1.3 Throwing
 + Level 4.7 Armour
 + Level 1.3 Dodging
 + Level 1.3 Stealth
 + Level 6.6 Shields
 + Level 1.3 Unarmed Combat
 + Level 3.1 Spellcasting
 + Level 1.0 Conjurations
 + Level 1.0 Hexes
 + Level 1.0 Summonings
 + Level 1.0 Necromancy
 + Level 1.0 Translocations
 + Level 1.0 Transmutations
 + Level 1.0 Fire Magic
 + Level 1.0 Ice Magic
 + Level 1.0 Air Magic
 + Level 3.9 Earth Magic
 + Level 1.0 Poison Magic
 + Level 1.4 Invocations
 + Level 2.8 Evocations


You had 8 spell levels left.
You knew the following spells:

 Your Spells              Type           Power      Damage    Failure   Level
a - Sandblast             Erth           18%        2d7       30%         1

Your spell library contained the following spells:

 Spells                   Type           Power      Damage    Failure   Level
 Magic Dart               Conj           12%        1d3       67%         1
 Searing Ray              Conj           6%         2d4       82%         2
 Stone Arrow              Conj/Erth      12%        3d7       85%         3
 Fulminant Prism          Conj/Hex       1%         3d6       100%        4
 Summon Ice Beast         Ice/Summ       3%         N/A       100%        4
 Summon Mana Viper        Hex/Summ       3%         N/A       100%        5
 Monstrous Menagerie      Summ           1%         N/A       100%        7


Dungeon Overview and Level Annotations

Branches:
Dungeon (3/15)

Altars:
Makhleb
Uskayaw

Annotations:
D:3 Jessica


Innate Abilities, Weirdness & Mutations

You have very sharp teeth.
Your uncanny sense of smell can sniff out nearby items.
Your experience applies equally to all skills.


Message History

You escape the roots grasp.
Found a scroll labelled SES TUOPSUAKK.
Jessica casts a spell.
Jessica seems to speed up.
You block the endoplasm's attack.
You slash the endoplasm!
You kill the endoplasm!
Jessica points at you and mumbles some strange words.
Pain shoots through your body!
You closely miss Jessica.
Jessica looks very angry.
Jessica casts a spell.
Jessica blinks!
The dart slug launches a dart at you.
The slug dart hits you but does no damage.
Jessica gestures at you while chanting.
You feel yourself slow down. Jessica gestures at you while chanting.
Pain shoots through your body!
* * * LOW HITPOINT WARNING * * *
The dart slug closely misses you.
Jessica zaps a wand.
The roots erupt in riotous growth!
The grasping roots grab you!
The dart slug is unaffected.
The grasping roots constrict you.
* * * LOW HITPOINT WARNING * * *
You escape the roots grasp.
Jessica gestures wildly while chanting.
Jessica blinks!
The dart slug launches a dart at you. The slug dart misses you.
Jessica gestures at you while chanting. Pain shoots through your body!
* * * LOW HITPOINT WARNING * * *
You hit the dart slug.
The dart slug is moderately wounded.
Jessica gestures wildly.
You block Jessica's attack. You block the dart slug's attack.
Jessica zaps a wand.
The roots erupt in riotous growth!
The grasping roots grab you!
The dart slug is unaffected.
Jessica is unaffected.
The grasping roots constrict you.
You die...

#.##.. ###########
#.##.. #.........#
#.##.. #.........#
#.#### #.........#
#######.# #.........#
........#### #.........#
#####......#
#......w..### #......#
#......@....#####......+
#......@..#.#.)....)...#
#.........#...###......#
#.?.......#..## #......#
#####+##....## #......#
#>.#.# #.)....# #..... ∆
######## ∆#.##._. #. ...


You could see a dart slug and Jessica (fast).

Vanquished Creatures
  An orc wizard (D:2)
  3 adders
  A dart slug (D:1)
  4 orcs (D:2)
  2 ball pythons (D:2)
  4 endoplasms
  2 giant cockroaches (D:2)
  3 goblins
  4 hobgoblins
  4 jackals (D:1)
  3 quokkas
  4 bats (D:2)
  A frilled lizard (D:1)
  3 kobolds (D:2)
  3 rats
42 creatures vanquished.

Vanquished Creatures (others)
  A kobold (D:2)
  3 plants (D:3)
4 creatures vanquished.

Grand Total: 46 creatures vanquished

Notes
Turn   | Place    | Note
-------+----------+-------------------------------------------
     0 | D:1      | gzilladon the Gnoll Wanderer began the quest for the Orb.
     0 | D:1      | gzilladon set off with the following items: a +0 club, a +0
                  | buckler, a potion of attraction, a +2 scale mail; and the
                  | following spell memorised: Sandblast; and the following
                  | spells available to memorise: Stone Arrow.
     0 | D:1      | Reached XP level 1. HP: 17/17 MP: 4/4
   355 | D:1      | Reached XP level 2. HP: 12/23 MP: 5/5
   976 | D:1      | Reached XP level 3. HP: 20/28 MP: 7/7
  1138 | D:2      | Reached skill level 1 in Invocations
  1315 | D:2      | Reached skill level 1 in Short Blades
  1315 | D:2      | Reached skill level 1 in Long Blades
  1315 | D:2      | Reached skill level 1 in Axes
  1315 | D:2      | Reached skill level 1 in Maces & Flails
  1315 | D:2      | Reached skill level 1 in Polearms
  1315 | D:2      | Reached skill level 1 in Staves
  1315 | D:2      | Reached skill level 1 in Ranged Weapons
  1315 | D:2      | Reached skill level 1 in Throwing
  1315 | D:2      | Reached skill level 1 in Dodging
  1315 | D:2      | Reached skill level 1 in Stealth
  1315 | D:2      | Reached skill level 1 in Unarmed Combat
  1326 | D:2      | Found a hide-covered altar of Uskayaw.
  1342 | D:2      | Reached skill level 1 in Conjurations
  1342 | D:2      | Reached skill level 1 in Hexes
  1342 | D:2      | Reached skill level 1 in Summonings
  1342 | D:2      | Reached skill level 1 in Necromancy
  1342 | D:2      | Reached skill level 1 in Translocations
  1342 | D:2      | Reached skill level 1 in Transmutations
  1342 | D:2      | Reached skill level 1 in Fire Magic
  1342 | D:2      | Reached skill level 1 in Ice Magic
  1342 | D:2      | Reached skill level 1 in Air Magic
  1342 | D:2      | Reached skill level 1 in Poison Magic
  1342 | D:2      | Reached XP level 4. HP: 14/34 MP: 8/8
  1675 | D:2      | Identified the +0 leather armour of Inquiry {Contam Regen+
                  | Dex+4}
  1759 | D:3      | Noticed Jessica
  1760 | D:3      | Found a burning altar of Makhleb.
  1768 | D:3      | HP: 1/34 [Jessica/nerve-wracking pain (5)]
  1769 | D:3      | Constricted to death by Jessica

Illustrated notes

Levels and vault maps discovered:
D:1:      tarquinn_simple_flora_water_b, layout_basic
D:2:      layout_basic, basic_altar, chequers_serial_rivers_small_3
D:3:      layout_basic, old_standard_altar, nicolae_elyvilon_temple_path,
          overflow_temple_1_default, shapermc_ecumenical_altar_pompeii,
          uniq_jessica

Skill      XL: |  1  2  3 |
---------------+----------+-----
Invocations    | 1 |  1.4
Short Blades   | 1 |  1.3
Long Blades    | 1 |  1.3
Axes           | 1 |  1.3
Maces & Flails | 1 |  1.3
Polearms       | 1 |  1.3
Staves         | 1 |  1.3
Ranged Weapons | 1 |  1.3
Throwing       | 1 |  1.3
Dodging        | 1 |  1.3
Stealth        | 1 |  1.3
Unarmed Combat | 1 |  1.3
Spellcasting   | 3 |  3.1
Conjurations   | 1 |  1.0
Hexes          | 1 |  1.0
Summonings     | 1 |  1.0
Necromancy     | 1 |  1.0
Translocations | 1 |  1.0
Transmutations | 1 |  1.0
Fire Magic     | 1 |  1.0
Ice Magic      | 1 |  1.0
Air Magic      | 1 |  1.0
Poison Magic   | 1 |  1.0
Fighting       | |  2.8
Armour         | |  4.7
Shields        | |  6.6
Earth Magic    | |  3.9
Evocations     | |  2.8

Action                   |  1- 3 |  4- 6 || total
-------------------------+-------+-------++-------
Melee: Club              |    53 |       ||    53
       Bite              |    11 |     7 ||    18
       Long sword        |    64 |    77 ||   141
Armor: Scale mail        |   110 |    58 ||   168
Dodge: Dodged            |    84 |    45 ||   129
Block: Buckler           |    47 |    28 ||    75

Table legend: (Time is in decaauts)
 A = Elapsed time spent in this place.
 B = Non-inter-level travel time spent in this place.
 C = Inter-level travel time spent in this place.
 D = Time resting spent in this place.
 E = Time spent auto-exploring this place.
 F = Levels seen in this place.
 G = Mean time per level.
                   A        B        C        D        E       F      G
               +--------+--------+--------+--------+--------+-----+--------+
         Total |   1842 |   1573 |    269 |    176 |      0 |   3 |  614.0 |
       Dungeon |   1842 |   1573 |    269 |    176 |      0 |   3 |  614.0 |
               +--------+--------+--------+--------+--------+-----+--------+

Top non-repeatable levels by time:
     D:1: 1134 daAuts
     D:2: 643 daAuts
     D:3: 64 daAuts
